 Dungeon Crawl Stone Soup version 0.31-b1-18-g61460d1e46 (webtiles) character file.

Game seed: 8455103498135694868

30 Esekla the Sneak (level 3, 25/26 HPs)
             Began as an Octopode Delver on Jan 16, 2024.
             Quit the game on level 5 of the Dungeon.
             The game lasted 00:00:57 (63 turns).

Esekla the Sneak (Octopode Delver)                    Turns: 63, Time: 00:00:58

Health: 25/26      AC:  1    Str: 11    XL:     3   Next: 18%
Magic:  3/3        EV: 13    Int: 14    God:
Gold:   31         SH:  0    Dex: 13    Spells: 2/2 levels left

rFire   . . .        a - +0 falchion
rCold   . . .        (no shield)
rNeg    . . .        (helmet restricted)
rPois   .            (no amulet)
rElec   .            (no ring)
rCorr   .            (no ring)
SInv    .            (no ring)
Will    .....        (no ring)
Stlth   +++++        (no ring)
HPRegen 0.24/turn    (no ring)
MPRegen 0.08/turn    (no ring)
                     (no ring)

%: no passive effects
@: no status effects
A: almost no armour, amphibious, 8 rings, camouflage 1, gelatinous body 1,
(nimble swimmer 1), tentacles
a: no special abilities


You were on level 5 of the Dungeon.
You visited 1 branch of the dungeon, and saw 1 of its levels.

You collected 31 gold pieces.

Inventory:

Hand Weapons
 a - a +0 falchion (weapon)
Wands
 f - a wand of digging (3)
Scrolls
 b - a scroll of fog
Potions
 c - a potion of lignification {unknown}
 d - a potion of ambrosia {unknown}
 e - a potion of haste


   Skills:
 + Level 3.2 Fighting
 + Level 2.1 Long Blades
 + Level 2.1 Dodging
 + Level 7.6 Stealth


You had 2 spell levels left.
You didn't know any spells.
Your spell library was empty.

Dungeon Overview and Level Annotations

Branches:
Dungeon (5/15)
 Temple: D:4-7

Altars:
Uskayaw

Annotations:
D:5 Blork the orc


Innate Abilities, Weirdness & Mutations

You cannot wear most types of armour.
You are amphibious.
You can wear up to eight rings at the same time.
Your skin changes colour to match your surroundings (Stealth+).
Your rubbery body absorbs attacks. (AC +1, EV +1)
((You are camouflaged when in or above water. (Stealth+)))
You have tentacles for arms and can constrict up to eight enemies at once.


Message History

You feel aware of your surroundings.
You sensed 1 altar.
Found 9 gold pieces.
You now have 9 gold pieces.
Blork the orc comes into view.
He is wielding a +0 hand axe.
Blork the orc shouts!
A jackal comes into view.
Found 10 gold pieces.
Found 9 stones.
Found 12 gold pieces.
You now have 19 gold pieces (gained 10).
Okay, then.
As you read the scroll of fear, it crumbles to dust.
You assume a fearsome visage.
Blork the orc looks frightened!
Things that are here:
12 gold pieces; a bubbling sapphire potion
c - a bubbling sapphire potion You now have 31 gold pieces (gained 12).
Found a falchion.
A hound comes into view.
Found a blue potion.
You open the door.
Found a hide-covered altar of Uskayaw.
You barely miss the hound. Your grab misses the hound. You squeeze the hound.
The hound is lightly wounded.
The hound barely misses you. x2
You hit the hound. Your grab misses the hound.
The hound is moderately wounded.
The hound bites you. The hound closely misses you.
You closely miss the hound. You grab the hound. You squeeze the hound!
The hound is almost dead.
You constrict the hound.
You kill the hound!
Your Stealth skill increases to level 7!
You have reached level 2!
You have reached level 3!
Your experience leads to an increase in your attributes!
Increase (S)trength, (I)ntelligence, or (D)exterity?
You feel clever. x2
d - a blue potion Are you sure you want to abandon this character and quit the game? (Confirm with "yes".)

,,,,,,,,,,,,,,,***#+###'#....#
# ,,,***,,,,,,,,**
#..........# ##
,,,****,,,,,,**
##.........###. ,,,,***,,,,,,*
#............. ,,,,,**,,,,,**
###............. ,,,,,,**,,,,*
##.......)..##...
,,,,,,**,,,,*
###..........###...
,,,,,,,,,...###....#......##
##..
,,,,,,,,,.......@####....##
*#... ,,,,,,,,,.......##
##..## #.... ,,,,,,,,,#.....#*
#..# *#.... ,,,,,,,,,.#....,*
#..#**#...## ,,,,,,,,,,##..,,*
*,.#*,..##*
,,,,,,,,***##.,,**** *,,,,,.#*
,,,,,,,,** #,,,,,,***,,,,,** *
,,,,,,,,,** *,,,,,,,,,,,,,,* #
,,,,,,,,,,***,,,***,,,,,,,**
*#


There were no monsters in sight!

Vanquished Creatures
  A hound (D:5)
1 creature vanquished.

Notes
Turn   | Place    | Note
-------+----------+-------------------------------------------
     0 | D:5      | Esekla the Octopode Delver began the quest for the Orb.
     0 | D:5      | Reached XP level 1. HP: 16/16 MP: 1/1
    10 | D:5      | Noticed Blork the orc
    44 | D:5      | Noticed a hound
    51 | D:5      | Found a hide-covered altar of Uskayaw.
    54 | D:5      | Killed a hound
    55 | D:5      | Reached skill level 7 in Stealth
    55 | D:5      | Reached XP level 2. HP: 18/21 MP: 2/2
    55 | D:5      | Reached XP level 3. HP: 23/26 MP: 3/3
    63 | D:5      | Quit the game

Illustrated notes

Levels and vault maps discovered:
D:5:      layout_layer_cave, mainiacjoe_overflow_six_doors_small,
          uniq_blork_the_orc, uniq_grinder, uniq_crazy_yiuf_cottage

Skill      XL: |  1 |
---------------+----+-----
Stealth        | 7 |  7.6
Fighting       | |  3.2
Long Blades    | |  2.1
Dodging        | |  2.1

Action                     || total
---------------------------++-------
  Melee: Falchion          ||     3
         Tentacles         ||     2
         Constrict         ||     1
    Use: Scroll            ||     2
 Armour: Skin              ||     1
  Dodge: Dodged            ||     3
